 Dungeon Crawl Stone Soup version 0.20.1-1-g8b1a95d (webtiles) character file.

98 tidbits the Insei (level 4, -4/34 HPs)
             Began as a Demigod Transmuter on Aug 19, 2017.
             Slain by an orc priest
             ... wielding a +0 war axe
              (7 damage)
             ... on level 3 of the Dungeon.
             The game lasted 00:11:56 (1291 turns).

tidbits the Insei (Demigod Transmuter)              Turns: 1291, Time: 00:11:57

Health: -4/34      AC:  2    Str: 13    XL:     4   Next: 21%
Magic:  5/10       EV: 19    Int: 23    God:
Gold:   113        SH:  0    Dex: 21    Spells: 1/7 levels left

rFire    . . .     SeeInvis .     - Unarmed
rCold    . . .     Gourm    .   (shield currently unavailable)
rNeg     . . .     Faith    .   (armour currently unavailable)
rPois    x         Spirit   .   (helmet currently unavailable)
rElec    .         Reflect  .   (cloak currently unavailable)
rCorr    .         Harm     .   (gloves currently unavailable)
MR       .....                  (boots currently unavailable)
Stlth    ++........             (no amulet)
Regen    0.2/turn               g - +4 ring of intelligence
MPRegen  0.2/turn               (no ring)

@: spider-form
A: high mp 1
a: End Transformation


You were on level 3 of the Dungeon.
You were not hungry.
You were a venomous arachnid creature.
You visited 1 branch of the dungeon, and saw 4 of its levels.

You collected 113 gold pieces.

Inventory:

Hand Weapons
 q - a +2 dagger of venom
   (You took it off a kobold on level 1 of the Dungeon)
Missiles
 a - 5 arrows
 e - 35 stones (quivered)
Armour
 b - a +0 robe (melded)
 o - a +0 ring mail of cold resistance
   (You took it off an orc on level 2 of the Dungeon)
 s - a cursed +0 shield
Jewellery
 g - a +4 ring of intelligence (left front leg)
   (You found it on level 1 of the Dungeon)
Scrolls
 i - 2 scrolls of identify {unknown}
 j - a scroll of noise {unknown}
 k - 2 scrolls of enchant weapon {unknown}
 n - 3 scrolls of remove curse {unknown}
 r - a scroll of amnesia {unknown}
 u - a scroll of recharging {unknown}
Potions
 f - a potion of agility
 h - a potion of haste {unknown}
 l - a potion of might {unknown}
 m - 4 potions of curing {unknown}
 p - a potion of lignification {unknown}
Books
 c - a book of Changes

   Spells                             Type                      Level
   a - Beastly Appendage              Transmutation                1
   b - Sticks to Snakes               Transmutation                2
   c - Spider Form                    Transmutation/Poison         3
   d - Ice Form                       Ice/Transmutation            4
   e - Blade Hands                    Transmutation                5
Comestibles
 d - a bread ration
 t - a chunk of flesh


   Skills:
 - Level 0.8 Fighting
 - Level 1.7 Dodging
 - Level 3.9 Unarmed Combat
 - Level 2.3 Spellcasting
 + Level 2.8 Transmutations


You had one spell level left.
You knew the following spells:

 Your Spells              Type           Power        Failure   Level  Hunger
e - Beastly Appendage     Tmut           ###...       13%         1    None
k - Sticks to Snakes      Tmut           ###.....     17%         2    ##.....
p - Spider Form           Tmut/Pois      #.........   43%         3    ###....


Dungeon Overview and Level Annotations

Branches:
Dungeon (4/15)
 Temple: D:4-7

Annotations:
D:3 Terence


Innate Abilities, Weirdness & Mutations

You have an increased reservoir of magic. (+10% MP)


Message History

Your +0 robe melds into your body.
The goblin misses you.
You bite the goblin!
You kill the goblin!
Your transformation is almost over.
There is a stone staircase leading down here.
You climb downwards.
A rat comes into view.
Your transformation has ended.
Your +0 robe unmelds from your body.
Found a naga barding.
Found a stone staircase leading down.
There is a stone staircase leading up here.
The helpless rat fails to defend itself.
You hit the rat.
You kill the rat!
A frilled lizard comes into view.
There is a stone staircase leading down here.
You climb downwards.
There is a stone staircase leading up here.
There is a stone staircase leading up here.
There is a stone staircase leading up here.
You climb upwards.
There is a stone staircase leading down here.
The helpless frilled lizard fails to defend itself.
You hit the frilled lizard.
You kill the frilled lizard!
You open the door.
There is an open door here.
Terence the Incautious comes into view.
He is wielding a flail.
There is an open door here.
You open the door.
There is an open door here.
Found a scroll labeled FENLEABR DEIM.
Some of the chunks of flesh in your inventory have rotted away.
u - a scroll labeled FENLEABR DEIM
There is an open door here.
Casting: Spider Form
Confirm with . or Enter, or press ? or * to list all spells.
You create a snake!
You now have 5 arrows.
Casting: Sticks to Snakes
Confirm with . or Enter, or press ? or * to list all spells.
You turn into a venomous arachnid creature.
Your +0 robe melds into your body.
There is an open door here.
An adder comes into view.
The adder hisses angrily.
The helpless Terence fails to defend himself.
You hit Terence.
Terence is lightly wounded.
Your ball python barely misses Terence.
Your ball python grabs Terence.
Your ball python constricts Terence.
You hit Terence but do no damage.
Terence is lightly wounded.
Terence hits you with a flail. The adder bites your ball python.
Your ball python dies!
You hit Terence.
Terence is lightly wounded.
Terence completely misses you.
An orc priest comes into view. It is wielding a war axe.
Terence hits you with a flail.
You closely miss the adder.
Your transformation is almost over.
The adder barely misses you. Terence closely misses you.
You hit the adder but do no damage.
The adder is poisoned.
The adder bites you.
You hit the adder.
The adder looks as sick as possible!
The adder is severely wounded.
You kill the adder!
Terence misses you. Terence barely misses you.
You see here an adder corpse.
The orc priest begins to cast a cantrip, but forgets the words!
You hit Terence but do no damage.
Terence is lightly wounded.
Terence completely misses you.
You hit Terence but do no damage.
Terence is poisoned.
Terence is lightly wounded.
You hit Terence but do no damage.
Terence is lightly wounded.
Terence hits you with a flail.
You completely miss the orc priest. The orc priest hits you with a war axe.
Terence hits you with a flail!
* * * LOW HITPOINT WARNING * * *
You hit the orc priest.
The orc priest is poisoned.
The orc priest is moderately wounded.
Your transformation has ended.
Your +0 robe unmelds from your body.
The orc priest closely misses you. Terence hits you but does no damage.
You aren't carrying any items that you can evoke.
Unknown command.
Casting: Spider Form
Confirm with . or Enter, or press ? or * to list all spells.
You turn into a venomous arachnid creature.
Your +0 robe melds into your body.
The orc priest calls down the wrath of Beogh upon you.
Beogh smites you!
* * * LOW HITPOINT WARNING * * *
You barely miss the orc priest.
The orc priest is severely wounded.
The orc priest hits you with a war axe!
You die...

#......###..........####...#####
#...................'...........
#..#...###..........####........
#..........#.......## ##..#####
###.##########.....## ##.#
.......# ##...## #.# .......#
##'## #.# .......# #.# #.#
.>.....# #s# #.# .......# ##o##
#.# .......# ...#.@.#########.#
......[# #.....†##.......#
#.....## ............#######
#....... ..##.##.######
#.....##.# #. #.# #.....# # #.#
###### #.#


You could see Terence and an orc priest.

Vanquished Creatures
  Natasha (D:2)
  2 adders
  An ooze (D:1)
  A worm (D:2)
  A dart slug (D:1)
  A leopard gecko (D:2)
  2 giant cockroaches
  8 goblins
  5 hobgoblins
  3 jackals (D:2)
  A ball python (D:1)
  3 bats (D:1)
  3 frilled lizards
  8 kobolds
  4 rats
44 creatures vanquished.

Vanquished Creatures (collateral kills)
  An adder (D:2)
  An orc (D:2)
  A giant cockroach (D:2)
  A goblin (D:2)
  A jackal (D:2)
5 creatures vanquished.

Grand Total: 49 creatures vanquished

Notes
Turn   | Place    | Note
-------+----------+-------------------------------------------
     0 | D:1      | tidbits the Demigod Transmuter began the quest for the Orb.
     0 | D:1      | Reached XP level 1. HP: 15/15 MP: 5/5
    88 | D:1      | Reached skill level 3 in Unarmed Combat
   111 | D:2      | Noticed Natasha
   163 | D:2      | Reached XP level 2. HP: 7/22 MP: 5/7
   167 | D:2      | Learned a level 2 spell: Sticks to Snakes
   361 | D:2      | Found an ancient bone altar of Kikubaaqudgha.
   675 | D:2      | Found a snail-covered altar of Cheibriados.
   690 | D:2      | Reached XP level 3. HP: 18/27 MP: 4/8
   770 | D:2      | Reached skill level 2 in Spellcasting
   775 | D:2      | Learned a level 3 spell: Spider Form
   984 | D:1      | Reached skill level 2 in Transmutations
  1142 | D:2      | Killed Natasha
  1142 | D:2      | Reached XP level 4. HP: 34/34 MP: 0/10
  1217 | D:3      | Noticed Terence
  1290 | D:3      | HP: 3/34 [orc priest/divine providence (8)]
  1291 | D:3      | Slain by an orc priest

Skill      XL: |  1  2  3 |
---------------+----------+-----
Unarmed Combat | 3 |  3.9
Spellcasting   | 2 |  2.3
Transmutations | 2 |  2.8
Fighting       | |  0.8
Dodging        | |  1.7

Action                   |  1- 3 |  4- 6 || total
-------------------------+-------+-------++-------
Melee: Unarmed           |   118 |    15 ||   133
       Kick              |     8 |       ||     8
       Headbutt          |     6 |       ||     6
 Cast: Beastly Appendage |    20 |       ||    20
       Sticks to Snakes  |     6 |     1 ||     7
       Spider Form       |     6 |     3 ||     9
  Use: Potion            |     1 |       ||     1
 Stab: Sleeping          |     1 |     3 ||     4
  Eat: Chunk             |     2 |     1 ||     3
Armor: Robe              |    12 |     1 ||    13
       Skin              |     1 |       ||     1
Dodge: Dodged            |    75 |     8 ||    83

Table legend:
 A = Turns spent in this place as a percentage of turns spent in the entire game.
 B = Non-inter-level travel turns spent in this place as a percentage of non-inter-level travel turns spent in the entire game.
 C = Inter-level travel turns spent in this place as a percentage of turns spent in this place.
 D = Turns resting spent in this place as a percentage of non-inter-level travel turns spent in this place.
 E = Turns spent auto-exploring this place as a percentage of non-inter-level travel turns spent in this place.
 F = Non-inter-level travel turns spent in this place divided by the number of levels of this place that you've seen.
                   A       B       C       D       E      F
               +-------+-------+-------+-------+-------+----------------------
         Total | 100.0 | 100.0 |   0.4 |   0.0 |   0.0 | 288.5
       Dungeon | 100.0 | 100.0 |   0.4 |   0.0 |   0.0 | 288.5
               +-------+-------+-------+-------+-------+----------------------

Table legend:
 A = Kills in this place as a percentage of kills in entire the game.
 B = Kills by you in this place as a percentage of kills by you in the entire game.
 C = Kills by friends in this place as a percentage of kills by friends in the entire game.
 D = Other kills in this place as a percentage of other kills in the entire game.
 E = Experience gained in this place as a percentage of experience gained in the entire game.
 F = Experience gained in this place divided by the number of levels of this place that you have seen.
                   A       B       C       D       E      F
               +-------+-------+-------+-------+-------+----------------------
         Total | 100.0 | 100.0 | 100.0 |  -nan | 100.0 |  35.2
       Dungeon | 100.0 | 100.0 | 100.0 |  -nan | 100.0 |  35.2
               +-------+-------+-------+-------+-------+----------------------

Vault maps used:
D:1:      grunt_arrival_lava_bath, st_stairs_14
D:2:      lemuel_crystal_altar, kiku_gazebo_garden_becter,
          kennysheep_cross_bottleneck, uniq_natasha
D:3:      kennysheep_orc_chapel, uniq_terence
D:4:      kennysheep_mini, yredelemnul_altar_generic, serial_shops,
          nicolae_shop_competitors_out_of_business, kennysheep_mini_moat,
          first_bread, item_on_display_a
